[Event "Live Chess"]
[Site "Chess.com"]
[Date "2010.12.06"]
[Round "-"]
[White "hipposcottimus"]
[Black "sham1308"]
[Result "0-1"]
[CurrentPosition "rn3br1/3k4/pq2p3/3bPp2/1p1P4/P3p1Pp/1P3B1P/R2Q1RK1 w - -"]
[Timezone "UTC"]
[ECO "B10"]
[ECOUrl "https://www.chess.com/openings/Caro-Kann-Defense-Masi-Variation"]
[UTCDate "2010.12.06"]
[UTCTime "18:53:27"]
[WhiteElo "1525"]
[BlackElo "1455"]
[TimeControl "60"]
[Termination "sham1308 won on time"]
[StartTime "18:53:27"]
[EndDate "2010.12.06"]
[EndTime "18:55:23"]
[Link "https://www.chess.com/game/live/74674170"]

1. e4 c6 2. d4 Nf6 3. e5 Ne4 4. f3 f5 5. fxe4 fxe4 6. Be3 d5 7. Ne2 g6 8. Ng3 h5 9. Be2 h4 10. Nf5 gxf5 11. Bh5+ Kd7 12. O-O e6 13. Nc3 Rg8 14. Be2 h3 15. g3 Qe7 16. Bb5 cxb5 17. Nxb5 a6 18. Na3 b5 19. c4 b4 20. Nc2 dxc4 21. Bf2 Bb7 22. Ne3 Qd8 23. Nxc4 Bd5 24. Nb6+ Qxb6 25. a3 e3 0-1

[Event "Live Chess"]
[Site "Chess.com"]
[Date "2010.12.06"]
[Round "-"]
[White "SuperbRookie"]
[Black "hipposcottimus"]
[Result "0-1"]
[CurrentPosition "6k1/pp4pp/2p1P2q/3p4/3P4/2P3Q1/PP5r/2K2rR1 w - -"]
[Timezone "UTC"]
[ECO "D00"]
[ECOUrl "https://www.chess.com/openings/Queens-Pawn-Opening-1...d5-2.c3"]
[UTCDate "2010.12.06"]
[UTCTime "18:50:45"]
[WhiteElo "1600"]
[BlackElo "1534"]
[TimeControl "60"]
[Termination "hipposcottimus won by checkmate"]
[StartTime "18:50:45"]
[EndDate "2010.12.06"]
[EndTime "18:52:34"]
[Link "https://www.chess.com/game/live/74673440"]

1. d4 d5 2. c3 c6 3. Nf3 Nd7 4. Bg5 e6 5. e3 f6 6. Bh4 Ne7 7. Bd3 Ng6 8. Nbd2 Be7 9. Qe2 f5 10. g4 Bxh4 11. Nxh4 Qxh4 12. gxf5 exf5 13. Bxf5 Ne7 14. Bc2 O-O 15. O-O-O Nf6 16. Nf3 Qh6 17. Rhg1 Ne4 18. Ne5 Ng6 19. Qg4 Nxe5 20. Qg2 Nf3 21. Bxe4 Nxg1 22. Rxg1 Bf5 23. Bxf5 Rxf5 24. f4 Raf8 25. h4 Rh5 26. e4 Rxh4 27. e5 Rh2 28. Qg3 Rxf4 29. e6 Rf1# 0-1

[Event "Live Chess"]
[Site "Chess.com"]
[Date "2010.12.06"]
[Round "-"]
[White "hipposcottimus"]
[Black "SuperbRookie"]
[Result "1-0"]
[CurrentPosition "rn3rk1/ppb2pp1/4p2p/8/7R/2N2P2/PPP2P1P/4R1K1 b - -"]
[Timezone "UTC"]
[ECO "C42"]
[ECOUrl "https://www.chess.com/openings/Petrovs-Defense-Urusov-Lichtenhein-Defense"]
[UTCDate "2010.12.06"]
[UTCTime "18:48:14"]
[WhiteElo "1534"]
[BlackElo "1600"]
[TimeControl "60"]
[Termination "hipposcottimus won on time"]
[StartTime "18:48:14"]
[EndDate "2010.12.06"]
[EndTime "18:50:13"]
[Link "https://www.chess.com/game/live/74672741"]

1. e4 e5 2. Nf3 Nf6 3. Bc4 Nxe4 4. Nxe5 Qf6 5. Nf3 Bc5 6. d4 Bb6 7. O-O c6 8. Bg5 Nxg5 9. Re1+ Ne6 10. d5 cxd5 11. Bxd5 Bc7 12. Nc3 Qf4 13. Bxe6 dxe6 14. Re4 Qf5 15. Qe2 O-O 16. Re1 Bd7 17. Rh4 Bc6 18. Rh3 Bxf3 19. Qxf3 Qc5 20. Qh5 h6 21. Qf3 Qf5 22. Rh4 Qxf3 23. gxf3 1-0

[Event "Live Chess"]
[Site "Chess.com"]
[Date "2010.12.06"]
[Round "-"]
[White "hipposcottimus"]
[Black "freddyp91"]
[Result "0-1"]
[CurrentPosition "7k/5pp1/P3p2p/4P2b/8/6Pn/1r6/r4K2 w - -"]
[Timezone "UTC"]
[ECO "B20"]
[ECOUrl "https://www.chess.com/openings/Sicilian-Defense"]
[UTCDate "2010.12.06"]
[UTCTime "01:05:48"]
[WhiteElo "1534"]
[BlackElo "1462"]
[TimeControl "120"]
[Termination "freddyp91 won by checkmate"]
[StartTime "01:05:48"]
[EndDate "2010.12.06"]
[EndTime "01:09:57"]
[Link "https://www.chess.com/game/live/74447300"]

1. e4 c5 2. Bb5 Nf6 3. e5 Nd5 4. Nf3 e6 5. d4 Qa5+ 6. Nc3 Nxc3 7. Bd2 Qxb5 8. Bxc3 cxd4 9. Nxd4 Qa6 10. b4 Qc4 11. Qd3 Qxd3 12. cxd3 Be7 13. Nb5 Na6 14. O-O O-O 15. Nd4 d6 16. f4 dxe5 17. fxe5 Bd7 18. Nf3 Rac8 19. d4 Rxc3 20. b5 Nb4 21. a3 Nd3 22. Nd2 Bxb5 23. Ne4 Rc2 24. Rfd1 Nf4 25. Nc5 Bxc5 26. dxc5 Rxc5 27. Rdb1 a6 28. a4 Bc6 29. g3 Nh3+ 30. Kf1 Rd8 31. Ke2 Rc2+ 32. Ke1 Bf3 33. Rb3 Re2+ 34. Kf1 Bh5 35. Rxb7 h6 36. Rb6 Rdd2 37. Rxa6 Rf2+ 38. Ke1 Rxh2 39. Ra8+ Kh7 40. Rh8+ Kxh8 41. Ra2 Rhe2+ 42. Kf1 Rxa2 43. a5 Reb2 44. a6 Ra1# 0-1

[Event "Live Chess"]
[Site "Chess.com"]
[Date "2010.12.06"]
[Round "-"]
[White "freddyp91"]
[Black "hipposcottimus"]
[Result "1-0"]
[CurrentPosition "4Qk2/pp3ppp/8/1p1p4/8/1N1r1P2/PP4PP/4R2K b - -"]
[Timezone "UTC"]
[ECO "C65"]
[ECOUrl "https://www.chess.com/openings/Ruy-Lopez-Opening-Berlin-Defense-4.O-O"]
[UTCDate "2010.12.06"]
[UTCTime "01:03:23"]
[WhiteElo "1451"]
[BlackElo "1543"]
[TimeControl "120"]
[Termination "freddyp91 won by checkmate"]
[StartTime "01:03:23"]
[EndDate "2010.12.06"]
[EndTime "01:05:11"]
[Link "https://www.chess.com/game/live/74446826"]

1. e4 e5 2. Nf3 Nc6 3. Bb5 Nf6 4. O-O Nd4 5. Nxd4 exd4 6. e5 c6 7. exf6 cxb5 8. Re1+ Be7 9. Rxe7+ Kf8 10. Re1 d6 11. Qe2 Bd7 12. d3 Qxf6 13. c3 Bc6 14. f3 Re8 15. Qd2 Rxe1+ 16. Qxe1 Bd7 17. cxd4 Be6 18. Nd2 Ke7 19. Kh1 Re8 20. d5 Kf8 21. dxe6 Rxe6 22. Qf1 Qd4 23. Nb3 Qe3 24. Bxe3 Rxe3 25. Re1 Rxd3 26. Qe2 d5 27. Qe8# 1-0

[Event "Live Chess"]
[Site "Chess.com"]
[Date "2010.12.06"]
[Round "-"]
[White "fady86"]
[Black "hipposcottimus"]
[Result "0-1"]
[CurrentPosition "r4rk1/p3bppp/1p1p4/5Q1q/8/1P2NbP1/PB3P1P/R5K1 w - -"]
[Timezone "UTC"]
[ECO "B00"]
[ECOUrl "https://www.chess.com/openings/Nimzowitsch-Defense-Kennedy-Variation"]
[UTCDate "2010.12.06"]
[UTCTime "01:00:01"]
[WhiteElo "1733"]
[BlackElo "1553"]
[TimeControl "60"]
[Termination "hipposcottimus won on time"]
[StartTime "01:00:01"]
[EndDate "2010.12.06"]
[EndTime "01:01:56"]
[Link "https://www.chess.com/game/live/74446160"]

1. e4 e5 2. d4 Nc6 3. d5 Nce7 4. Nf3 d6 5. Be2 c6 6. O-O cxd5 7. exd5 Ng6 8. Nc3 Nf6 9. Bd3 Be7 10. Qe2 O-O 11. Ne1 Nf4 12. Qd2 Nxd3 13. cxd3 Qb6 14. Na4 Qa5 15. b3 Qxd5 16. Nf3 b6 17. Nb2 Bb7 18. Nc4 e4 19. dxe4 Qxe4 20. Bb2 Qg6 21. Rfe1 Bxf3 22. g3 Nd5 23. Qc2 Qg4 24. Re3 Nxe3 25. Nxe3 Qh3 26. Qf5 Qh5 0-1

[Event "Live Chess"]
[Site "Chess.com"]
[Date "2010.12.06"]
[Round "-"]
[White "hipposcottimus"]
[Black "StinkinBishop"]
[Result "1-0"]
[CurrentPosition "r1bq1b1r/p1p1nNpp/3k4/1p1np3/2B5/5Q2/PPPP1PPP/R1B1K2R b KQ -"]
[Timezone "UTC"]
[ECO "C57"]
[ECOUrl "https://www.chess.com/openings/Italian-Game-Fried-Liver-Fegatello-Attack-Polerio-Defense"]
[UTCDate "2010.12.06"]
[UTCTime "00:58:03"]
[WhiteElo "1540"]
[BlackElo "1311"]
[TimeControl "60"]
[Termination "hipposcottimus won on time"]
[StartTime "00:58:03"]
[EndDate "2010.12.06"]
[EndTime "00:59:12"]
[Link "https://www.chess.com/game/live/74445617"]

1. e4 e5 2. Nf3 Nc6 3. Bc4 Nf6 4. Ng5 d5 5. exd5 Nxd5 6. Nxf7 Kxf7 7. Qf3+ Ke6 8. Nc3 Ne7 9. Ne4 b5 10. Ng5+ Kd6 11. Nf7+ 1-0

[Event "Live Chess"]
[Site "Chess.com"]
[Date "2010.12.06"]
[Round "-"]
[White "hipposcottimus"]
[Black "praveen_80"]
[Result "0-1"]
[CurrentPosition "7r/R5pp/p7/1p1N4/1P2n3/k7/P3q1PP/3R3K w - -"]
[Timezone "UTC"]
[ECO "C00"]
[ECOUrl "https://www.chess.com/openings/French-Defense-Knight-Variation"]
[UTCDate "2010.12.06"]
[UTCTime "00:47:22"]
[WhiteElo "1536"]
[BlackElo "1483"]
[TimeControl "60"]
[Termination "praveen_80 won on time"]
[StartTime "00:47:22"]
[EndDate "2010.12.06"]
[EndTime "00:49:36"]
[Link "https://www.chess.com/game/live/74443564"]

1. e4 e6 2. Nf3 c6 3. e5 b5 4. d4 Bb7 5. c4 Qc8 6. cxb5 cxb5 7. Nc3 a6 8. Be2 Nc6 9. O-O Qc7 10. Be3 Be7 11. d5 Nxe5 12. Nxe5 Qxe5 13. d6 Bxd6 14. f4 Qf6 15. Bd4 e5 16. fxe5 Qg5 17. Bf3 Bxf3 18. Qxf3 Bxe5 19. Qxf7+ Kd8 20. Bxe5 Qxe5 21. Qf8+ Kc7 22. Rae1 Qd4+ 23. Kh1 Rxf8 24. Rxf8 Nf6 25. Rf7 Qd2 26. Rf1 Qe2 27. Rd1 Ne4 28. Rfxd7+ Kb6 29. Nd5+ Ka5 30. b4+ Ka4 31. Ra7 Ka3 0-1

[Event "Live Chess"]
[Site "Chess.com"]
[Date "2010.12.06"]
[Round "-"]
[White "hipposcottimus"]
[Black "Snart"]
[Result "1-0"]
[CurrentPosition "4r3/p5kb/4R3/1p4pp/3N4/1B1P4/PPP3PK/R7 b - -"]
[Timezone "UTC"]
[ECO "B01"]
[ECOUrl "https://www.chess.com/openings/Scandinavian-Defense-Modern-Variation"]
[UTCDate "2010.12.06"]
[UTCTime "00:42:11"]
[WhiteElo "1545"]
[BlackElo "1462"]
[TimeControl "60"]
[Termination "hipposcottimus won on time"]
[StartTime "00:42:11"]
[EndDate "2010.12.06"]
[EndTime "00:44:15"]
[Link "https://www.chess.com/game/live/74442206"]

1. e4 d5 2. exd5 Nf6 3. Bc4 e6 4. Nc3 exd5 5. Bb5+ c6 6. Ba4 Bf5 7. Nf3 Bd6 8. Nd4 Bg6 9. O-O O-O 10. d3 Qd7 11. f4 b5 12. Bb3 Qc7 13. f5 Ng4 14. Qxg4 Bxh2+ 15. Kh1 h5 16. Qh3 Bh7 17. Qxh2 Qxh2+ 18. Kxh2 Nd7 19. Nxc6 Nf6 20. Ne7+ Kh8 21. Nexd5 Nxd5 22. Nxd5 Rad8 23. Bg5 f6 24. Nf4 Rd4 25. Ne6 Re8 26. Nxd4 fxg5 27. f6 gxf6 28. Rxf6 Kg7 29. Re6 1-0

[Event "Live Chess"]
[Site "Chess.com"]
[Date "2010.12.06"]
[Round "-"]
[White "Snart"]
[Black "hipposcottimus"]
[Result "1-0"]
[CurrentPosition "r2qk2r/p2bbppp/3p1n2/1pp3N1/2Q1P2P/2N5/PPP2PP1/2KR3R w kq b6"]
[Timezone "UTC"]
[ECO "B00"]
[ECOUrl "https://www.chess.com/openings/Nimzowitsch-Defense-Kennedy-Variation"]
[UTCDate "2010.12.06"]
[UTCTime "00:39:58"]
[WhiteElo "1462"]
[BlackElo "1545"]
[TimeControl "60"]
[Termination "Snart won by resignation"]
[StartTime "00:39:58"]
[EndDate "2010.12.06"]
[EndTime "00:41:01"]
[Link "https://www.chess.com/game/live/74441896"]

1. e4 e5 2. d4 Nc6 3. Nf3 d6 4. Bb5 Bd7 5. Be3 exd4 6. Bxd4 Nxd4 7. Qxd4 Bxb5 8. Nc3 Bd7 9. O-O-O Be7 10. h4 Nf6 11. Ng5 c5 12. Qc4 b5 1-0

[Event "Live Chess"]
[Site "Chess.com"]
[Date "2010.12.06"]
[Round "-"]
[White "venerican"]
[Black "hipposcottimus"]
[Result "0-1"]
[CurrentPosition "8/8/7p/2p2p1k/4p2P/p7/1rP4R/2K5 w - -"]
[Timezone "UTC"]
[ECO "D00"]
[ECOUrl "https://www.chess.com/openings/Queens-Pawn-Opening-1...d5"]
[UTCDate "2010.12.06"]
[UTCTime "00:37:03"]
[WhiteElo "1397"]
[BlackElo "1545"]
[TimeControl "60"]
[Termination "hipposcottimus won on time"]
[StartTime "00:37:03"]
[EndDate "2010.12.06"]
[EndTime "00:39:22"]
[Link "https://www.chess.com/game/live/74441239"]

1. d4 d5 2. f3 c6 3. Nc3 Nd7 4. Nh3 e5 5. dxe5 Nxe5 6. Bf4 Bxh3 7. gxh3 Ng6 8. Be3 Nf6 9. Bg2 Bb4 10. f4 Bxc3+ 11. bxc3 Ne4 12. Bxe4 dxe4 13. Qxd8+ Rxd8 14. Rd1 O-O 15. f5 Rxd1+ 16. Kxd1 Ne5 17. Kc1 Nc4 18. Bd2 b5 19. Rg1 e3 20. Be1 f6 21. h4 Ra8 22. Rg4 a5 23. Bg3 a4 24. Bf4 a3 25. Rg3 b4 26. Bg5 Rf8 27. Bxe3 Nxe3 28. Rxe3 Rb8 29. cxb4 Kf7 30. Re4 g6 31. e3 gxf5 32. Rf4 Kg6 33. e4 h6 34. e5 fxe5 35. h5+ Kg5 36. Rf3 e4 37. Rf2 Rxb4 38. Rg2+ Kxh5 39. h4 Rb2 40. Rh2 Rxa2 41. Kb1 Rb2+ 42. Kc1 c5 0-1

[Event "Live Chess"]
[Site "Chess.com"]
[Date "2010.12.06"]
[Round "-"]
[White "hipposcottimus"]
[Black "jimmypage"]
[Result "0-1"]
[CurrentPosition "1n6/8/1k3pp1/1Pp1p2p/P1P5/6P1/4KP1P/8 w - -"]
[Timezone "UTC"]
[ECO "B01"]
[ECOUrl "https://www.chess.com/openings/Scandinavian-Defense-Mieses-Kotrc-Variation-3.Nc3-Qd8-4.d4"]
[UTCDate "2010.12.06"]
[UTCTime "00:31:52"]
[WhiteElo "1540"]
[BlackElo "1599"]
[TimeControl "60"]
[Termination "jimmypage won on time"]
[StartTime "00:31:52"]
[EndDate "2010.12.06"]
[EndTime "00:34:02"]
[Link "https://www.chess.com/game/live/74440198"]

1. e4 d5 2. exd5 Qxd5 3. Nc3 Qd8 4. d4 Nc6 5. Nf3 Bg4 6. Bb5 Bxf3 7. Bxc6+ bxc6 8. Qxf3 Qxd4 9. O-O e5 10. Be3 Qd6 11. Ne4 Qe6 12. Nc5 Bxc5 13. Bxc5 Nf6 14. Rfe1 Nd5 15. Bd4 f6 16. Qh5+ g6 17. Qe2 O-O-O 18. Qc4 Nf4 19. Bxa7 Rd4 20. Qa6+ Kd7 21. Red1 Rxd1+ 22. Rxd1+ Ke7 23. Qb7 Rd8 24. Qxc7+ Rd7 25. Rxd7+ Qxd7 26. Qxd7+ Kxd7 27. g3 Nd5 28. Kf1 c5 29. Ke2 Kc6 30. Bb8 h5 31. c4 Nb4 32. a3 Na6 33. b4 Nxb8 34. b5+ Kc7 35. a4 Kb6 0-1

[Event "Live Chess"]
[Site "Chess.com"]
[Date "2010.12.06"]
[Round "-"]
[White "jimmypage"]
[Black "hipposcottimus"]
[Result "0-1"]
[CurrentPosition "3r2k1/p5pp/6b1/8/5p1P/2P1R1P1/P4P1K/8 w - -"]
[Timezone "UTC"]
[ECO "C47"]
[ECOUrl "https://www.chess.com/openings/Four-Knights-Game-Scotch-Variation-4...Bb4-5.d5-Ne7"]
[UTCDate "2010.12.06"]
[UTCTime "00:29:25"]
[WhiteElo "1592"]
[BlackElo "1547"]
[TimeControl "60"]
[Termination "hipposcottimus won on time"]
[StartTime "00:29:25"]
[EndDate "2010.12.06"]
[EndTime "00:31:33"]
[Link "https://www.chess.com/game/live/74439678"]

1. e4 e5 2. Nf3 Nc6 3. Nc3 Nf6 4. d4 Bb4 5. d5 Ne7 6. Qd3 d6 7. Bd2 Bxc3 8. Bxc3 c6 9. Be2 cxd5 10. exd5 Nexd5 11. Qb5+ Bd7 12. Qxb7 Nxc3 13. bxc3 O-O 14. O-O Rb8 15. Qa6 e4 16. Qxd6 exf3 17. Bxf3 Rb6 18. Qg3 Bc6 19. Be2 Qa8 20. Bd3 Ne4 21. Bxe4 Bxe4 22. Rae1 Bxc2 23. Re3 Rb1 24. Rxb1 Bxb1 25. Qg4 Bg6 26. h3 Rd8 27. h4 Rd1+ 28. Kh2 f5 29. Qg5 Qd8 30. Qxd8+ Rxd8 31. g3 f4 0-1

[Event "Live Chess"]
[Site "Chess.com"]
[Date "2010.12.06"]
[Round "-"]
[White "hipposcottimus"]
[Black "Mashdy"]
[Result "1-0"]
[CurrentPosition "1r2r2k/ppb3pp/4N3/3B4/8/1Q6/PP2KPPq/R3R3 b - -"]
[Timezone "UTC"]
[ECO "C00"]
[ECOUrl "https://www.chess.com/openings/French-Defense-Knight-Variation"]
[UTCDate "2010.12.06"]
[UTCTime "00:26:57"]
[WhiteElo "1538"]
[BlackElo "1320"]
[TimeControl "60"]
[Termination "hipposcottimus won on time"]
[StartTime "00:26:57"]
[EndDate "2010.12.06"]
[EndTime "00:28:56"]
[Link "https://www.chess.com/game/live/74439132"]

1. e4 e6 2. Nf3 c6 3. e5 d5 4. exd6 Bxd6 5. d4 Nf6 6. Bg5 O-O 7. Ne5 Nbd7 8. Bxf6 Qxf6 9. Nf3 Nb6 10. Bd3 e5 11. O-O exd4 12. c3 c5 13. cxd4 cxd4 14. Nbd2 Nd5 15. Ne4 Qe7 16. Qb3 Be6 17. Nxd4 Rab8 18. Nxe6 fxe6 19. Rfe1 Qd7 20. Bc4 Bc7 21. Nc5 Qd6 22. Nxe6 Qxh2+ 23. Kf1 Rfe8 24. Bxd5 Kh8 25. Ke2 1-0

[Event "Live Chess"]
[Site "Chess.com"]
[Date "2010.12.06"]
[Round "-"]
[White "Mashdy"]
[Black "hipposcottimus"]
[Result "0-1"]
[CurrentPosition "r5k1/pp4pp/3p4/8/3q1N2/4N1P1/P1n2K1P/5B2 w - -"]
[Timezone "UTC"]
[ECO "C20"]
[ECOUrl "https://www.chess.com/openings/Kings-Pawn-Opening-Leonardis-Variation"]
[UTCDate "2010.12.06"]
[UTCTime "00:24:55"]
[WhiteElo "1324"]
[BlackElo "1534"]
[TimeControl "60"]
[Termination "hipposcottimus won on time"]
[StartTime "00:24:55"]
[EndDate "2010.12.06"]
[EndTime "00:26:33"]
[Link "https://www.chess.com/game/live/74438752"]

1. e4 e5 2. d3 Nc6 3. Nf3 Nf6 4. Be2 d5 5. exd5 Nxd5 6. O-O Be7 7. c4 Nf4 8. Bxf4 exf4 9. Nc3 O-O 10. Qd2 f5 11. Qxf4 Bd6 12. Qd2 Qf6 13. d4 Qg6 14. g3 f4 15. Nh4 Qg5 16. c5 Bh3 17. cxd6 Bxf1 18. Rxf1 cxd6 19. Ng2 fxg3 20. fxg3 Rxf1+ 21. Bxf1 Qxd2 22. Nd5 Qxb2 23. Nde3 Qxd4 24. Kf2 Nb4 25. Nf4 Nc2 0-1

[Event "Live Chess"]
[Site "Chess.com"]
[Date "2010.12.06"]
[Round "-"]
[White "hipposcottimus"]
[Black "BrazilCoup"]
[Result "0-1"]
[CurrentPosition "1nr3k1/6pp/8/1pBP4/rbp5/8/5PPP/2R2RK1 w - -"]
[Timezone "UTC"]
[ECO "C42"]
[ECOUrl "https://www.chess.com/openings/Petrovs-Defense-Urusov-Lichtenhein-Defense"]
[UTCDate "2010.12.06"]
[UTCTime "00:22:08"]
[WhiteElo "1530"]
[BlackElo "1604"]
[TimeControl "60"]
[Termination "BrazilCoup won on time"]
[StartTime "00:22:08"]
[EndDate "2010.12.06"]
[EndTime "00:23:49"]
[Link "https://www.chess.com/game/live/74438076"]

1. e4 e5 2. Nf3 Nf6 3. Bc4 Nxe4 4. Nxe5 Nd6 5. Qf3 Qe7 6. Bxf7+ Nxf7 7. Qxf7+ Qxf7 8. Nxf7 Kxf7 9. d4 Be7 10. O-O Re8 11. Nc3 Kg8 12. Bf4 d6 13. d5 c6 14. b3 c5 15. a3 a6 16. b4 c4 17. Na4 b5 18. Nb6 Ra7 19. Nxc8 Rxc8 20. c3 a5 21. Rae1 Bf6 22. Bxd6 Bxc3 23. Bc5 axb4 24. axb4 Ra4 25. Rc1 Bxb4 0-1

[Event "Live Chess"]
[Site "Chess.com"]
[Date "2010.12.06"]
[Round "-"]
[White "helgefin"]
[Black "hipposcottimus"]
[Result "0-1"]
[CurrentPosition "4rrk1/ppp2p1p/2q2pn1/8/6Q1/8/P1P2PP1/3R1K2 w - -"]
[Timezone "UTC"]
[ECO "C58"]
[ECOUrl "https://www.chess.com/openings/Italian-Game-Knight-Attack-Polerio-Bishop-Check-Line-6...Bd7"]
[UTCDate "2010.12.06"]
[UTCTime "00:18:36"]
[WhiteElo "1468"]
[BlackElo "1537"]
[TimeControl "60"]
[Termination "hipposcottimus won by resignation"]
[StartTime "00:18:36"]
[EndDate "2010.12.06"]
[EndTime "00:20:41"]
[Link "https://www.chess.com/game/live/74437350"]

1. e4 e5 2. Nf3 Nc6 3. Bc4 Nf6 4. Ng5 d5 5. exd5 Na5 6. Bb5+ Bd7 7. Bxd7+ Nxd7 8. Qf3 Qxg5 9. Nc3 Bd6 10. d4 Qe7 11. dxe5 Bxe5 12. O-O O-O 13. Bd2 Qd6 14. Rfe1 Bxh2+ 15. Kf1 Nc4 16. Ne4 Qxd5 17. Rad1 Qc6 18. Bc3 Nxb2 19. Qg4 Be5 20. Bxe5 Nxe5 21. Qf5 Nxd1 22. Rxd1 Ng6 23. Qg4 Rae8 24. Nf6+ gxf6 0-1

[Event "Live Chess"]
[Site "Chess.com"]
[Date "2010.12.06"]
[Round "-"]
[White "cyclone007"]
[Black "hipposcottimus"]
[Result "0-1"]
[CurrentPosition "5K2/kr6/2r5/4pp2/1p4p1/8/P7/R7 w - -"]
[Timezone "UTC"]
[ECO "C24"]
[ECOUrl "https://www.chess.com/openings/Bishops-Opening-Berlin-Defense"]
[UTCDate "2010.12.06"]
[UTCTime "00:13:29"]
[WhiteElo "1379"]
[BlackElo "1530"]
[TimeControl "60"]
[Termination "hipposcottimus won on time"]
[StartTime "00:13:29"]
[EndDate "2010.12.06"]
[EndTime "00:15:51"]
[Link "https://www.chess.com/game/live/74436176"]

1. e4 e5 2. Bc4 Nf6 3. Qf3 Nc6 4. d3 Nd4 5. Qd1 d5 6. c3 dxc4 7. cxd4 Qxd4 8. dxc4 Qxd1+ 9. Kxd1 Bg4+ 10. Ne2 Nxe4 11. f3 Nf2+ 12. Ke1 Nxh1 13. fxg4 Bc5 14. Nec3 Nf2 15. Ke2 O-O-O 16. Be3 Bxe3 17. Kxe3 Nxg4+ 18. Kf3 Nxh2+ 19. Kg3 Nf1+ 20. Kh3 Nd2 21. g3 g6 22. Nxd2 Rxd2 23. Nb5 Rxb2 24. Nxa7+ Kb8 25. Nb5 f5 26. Nc3 g5 27. Nd5 g4+ 28. Kh4 Rh2+ 29. Kg5 h6+ 30. Kg6 Rg2 31. Kg7 Rd8 32. Nf6 Rxg3 33. Kf7 h5 34. Ke7 Rc8 35. Nxh5 Rh3 36. Nf6 Rh6 37. Nd7+ Ka7 38. Nf6 Rg6 39. Kf7 Rg5 40. Nh7 Rh5 41. Ng5 Rh3 42. Ne6 Rc3 43. Ke7 Rxc4 44. Kd7 Rc6 45. Nxc7 R6xc7+ 46. Kd6 Rc5 47. Ke6 R8c6+ 48. Kf7 b5 49. Kf8 b4 50. Kg7 Rb5 51. Kf8 Rb7 0-1

[Event "Live Chess"]
[Site "Chess.com"]
[Date "2010.12.06"]
[Round "-"]
[White "hipposcottimus"]
[Black "cyclone007"]
[Result "0-1"]
[CurrentPosition "2r3k1/p2Q3p/1p5B/8/8/2N2N2/PP3PPP/3R2K1 w - -"]
[Timezone "UTC"]
[ECO "C50"]
[ECOUrl "https://www.chess.com/openings/Italian-Game"]
[UTCDate "2010.12.06"]
[UTCTime "00:09:43"]
[WhiteElo "1525"]
[BlackElo "1384"]
[TimeControl "60"]
[Termination "cyclone007 won on time"]
[StartTime "00:09:43"]
[EndDate "2010.12.06"]
[EndTime "00:11:48"]
[Link "https://www.chess.com/game/live/74435454"]

1. e4 e5 2. Nf3 Nc6 3. Bc4 Qe7 4. d4 Na5 5. Qe2 exd4 6. O-O Nxc4 7. Qxc4 c5 8. c3 Qxe4 9. Re1 Qxe1+ 10. Nxe1 Be7 11. cxd4 cxd4 12. Qxd4 d6 13. Qxg7 Nf6 14. Qxh8+ Ng8 15. Qxg8+ Kd7 16. Qxf7 b6 17. Bg5 Kc6 18. Qxe7 Bd7 19. Nc3 Re8 20. Qf6 Re6 21. Qd4 d5 22. Qxd5+ Kc7 23. Nf3 Rc6 24. Bf4+ Kd8 25. Rd1 Ke8 26. Qxd7+ Kf8 27. Bg5 Kg8 28. Bh6 Rc8 0-1

[Event "Live Chess"]
[Site "Chess.com"]
[Date "2010.12.06"]
[Round "-"]
[White "hipposcottimus"]
[Black "YubanYankinov"]
[Result "1-0"]
[CurrentPosition "8/8/6p1/4Pp2/3Q4/8/P1k2PPP/3R2K1 b - -"]
[Timezone "UTC"]
[ECO "B10"]
[ECOUrl "https://www.chess.com/openings/Caro-Kann-Defense-2.Nf3-d5"]
[UTCDate "2010.12.06"]
[UTCTime "00:07:03"]
[WhiteElo "1536"]
[BlackElo "1281"]
[TimeControl "60"]
[Termination "hipposcottimus won on time"]
[StartTime "00:07:03"]
[EndDate "2010.12.06"]
[EndTime "00:09:12"]
[Link "https://www.chess.com/game/live/74434932"]

1. e4 c6 2. Nf3 d5 3. e5 e6 4. d4 Bb4+ 5. Bd2 Nd7 6. Bxb4 c5 7. Bxc5 Qa5+ 8. Nc3 Nxc5 9. dxc5 Qxc5 10. Bb5+ Ke7 11. O-O Nh6 12. Nd2 Nf5 13. Nb3 Rd8 14. Nxc5 a6 15. Ba4 b5 16. Nxb5 axb5 17. Bxb5 Rb8 18. Bd3 Bd7 19. Bxf5 exf5 20. Qh5 g6 21. Qxh7 Be6 22. Nxe6 Rh8 23. Qg7 Kxe6 24. Qf6+ Kd7 25. Qxf7+ Kc6 26. Qe6+ Kc5 27. Qd6+ Kd4 28. c3+ Kd3 29. Rfd1+ Kc2 30. Rac1+ Kxb2 31. Rb1+ Kxc3 32. Rxb8 Rxb8 33. Qxb8 Kc4 34. Qd6 Kc3 35. Qxd5 Kc2 36. Qd4 1-0

[Event "Live Chess"]
[Site "Chess.com"]
[Date "2010.12.06"]
[Round "-"]
[White "YubanYankinov"]
[Black "hipposcottimus"]
[Result "0-1"]
[CurrentPosition "3r3k/2p4p/p4p2/1p5q/4p3/2P3b1/PP3P2/5K2 w - -"]
[Timezone "UTC"]
[ECO "C65"]
[ECOUrl "https://www.chess.com/openings/Ruy-Lopez-Opening-Berlin-Defense-4.O-O"]
[UTCDate "2010.12.06"]
[UTCTime "00:04:37"]
[WhiteElo "1284"]
[BlackElo "1533"]
[TimeControl "60"]
[Termination "hipposcottimus won on time"]
[StartTime "00:04:37"]
[EndDate "2010.12.06"]
[EndTime "00:06:37"]
[Link "https://www.chess.com/game/live/74434420"]

1. e4 e5 2. Nf3 Nc6 3. Bb5 Nf6 4. O-O a6 5. Ba4 b5 6. Bb3 Bb7 7. c3 Na5 8. Bc2 d5 9. d3 dxe4 10. dxe4 Bd6 11. Be3 O-O 12. Nbd2 Nc4 13. Re1 Nxd2 14. Qxd2 Bxe4 15. Bxe4 Nxe4 16. Rad1 Nxd2 17. Rxd2 Qe7 18. Red1 Rad8 19. Bg5 f6 20. Bh4 e4 21. Nd4 Qe5 22. Nf5 Qxh2+ 23. Kf1 Qh1+ 24. Ke2 Qxg2 25. Nxg7 Qf3+ 26. Kf1 Kxg7 27. Re2 Kh8 28. Re3 Qh1+ 29. Ke2 Qxh4 30. Rg1 Qh5+ 31. Kf1 Rg8 32. Reg3 Rxg3 33. Rxg3 Bxg3 0-1